 Dungeon Crawl Stone Soup version 0.29.0-7-g18a832c13a (webtiles) character file.

Game seed: 11128076981392637943

4860 Renzlar the Blocker (level 10, -1/83 HPs)
             Began as a Gnoll Fighter on Sept 1, 2022.
             Was a Priest of Okawaru.
             Slain by smilodon's ghost (24 damage)
             ... on level 7 of the Dungeon.
             The game lasted 00:22:15 (6392 turns).

Renzlar the Blocker (Gnoll Fighter)                 Turns: 6392, Time: 00:22:16

Health: -1/83      AC: 11    Str: 19      XL:     10   Next: 50%
Magic:  18/19      EV: 15    Int:  8      God:    Okawaru [***...]
Gold:   303        SH:  0    Dex: 11 (12) Spells: 17/21 levels left

rFire   . . .      SeeInvis .   g - +5 scythe (flame)
rCold   . . .      Faith    .   (shield currently unavailable)
rNeg    + . .      Spirit   .   q - +2 ring mail {rN+}
rPois   .          Reflect  .   (no helmet)
rElec   .          Harm     .   (no cloak)
rCorr   .          Rampage  .   h - +0 pair of gloves
Will    +....                   (no boots)
Stlth   ++++......              (no amulet)
HPRegen 0.23/turn               x - ring of willpower
MPRegen 0.16/turn               (no ring)

@: heroic, hasted, very quick
A: fangs 1, strong nose, distributed training
a: Renounce Religion, Heroism


You were on level 7 of the Dungeon.
You worshipped Okawaru.
Okawaru was most pleased with you.
You visited 1 branch of the dungeon, and saw 7 of its levels.

You collected 303 gold pieces.

Inventory:

Hand Weapons
 a - a +1 war axe
 c - a +0 shortbow
 f - a +1 short sword of freezing
 g - a +5 scythe of flaming (weapon)
 m - a +2 dagger of venom
Missiles
 b - a throwing net
Armour
 h - a +0 pair of gloves (worn)
 q - a +2 ring mail of positive energy (worn)
Jewellery
 r - a ring of fire
 w - a ring of protection from fire
 x - a ring of willpower (left hand)
Wands
 d - a wand of polymorph (8)
 l - a wand of iceblast (11)
 p - a wand of flame (12)
Scrolls
 n - 3 scrolls of fog
 o - a scroll of teleportation
 v - a scroll of amnesia
Potions
 e - 2 potions of mutation
 i - a potion of magic {unknown}
 j - a potion of resistance
 k - 3 potions of heal wounds
 s - 4 potions of curing
 t - 2 potions of berserk rage
 u - 5 potions of haste


   Skills:
 + Level 9.2(14.2) Fighting
 + Level 6.2(11.2) Short Blades
 + Level 6.2(11.2) Long Blades
 + Level 7.8(12.8) Axes
 + Level 6.2(11.2) Maces & Flails
 + Level 6.2(11.2) Polearms
 + Level 6.2(11.2) Staves
 + Level 6.2(11.2) Ranged Weapons
 + Level 6.2(11.2) Throwing
 + Level 9.2(14.2) Armour
 + Level 6.2(11.2) Dodging
 + Level 6.2(11.2) Stealth
 + Level 9.2(14.2) Shields
 + Level 6.2(11.2) Unarmed Combat
 + Level 6.2 Spellcasting
 + Level 5.2 Conjurations
 + Level 5.2 Hexes
 + Level 5.2 Summonings
 + Level 5.2 Necromancy
 + Level 5.2 Translocations
 + Level 5.2 Transmutations
 + Level 5.2 Fire Magic
 + Level 5.2 Ice Magic
 + Level 5.2 Air Magic
 + Level 5.2 Earth Magic
 + Level 5.2 Poison Magic
 + Level 6.9 Invocations
 + Level 6.2 Evocations


You had 17 spell levels left.
You knew the following spells:

 Your Spells              Type           Power      Damage    Failure   Level
a - Cause Fear            Hex            5%         N/A       36%         4

Your spell library contained the following spells:

 Spells                   Type           Power      Damage    Failure   Level
 Inner Flame              Hex/Fire       10%        N/A       12%         3
 Discord                  Hex            5%         N/A       100%        8
 Summon Small Mammal      Summ           Unusable   N/A       N/A         1
 Call Canine Familiar     Summ           Unusable   N/A       N/A         3
 Summon Guardian Golem    Hex/Summ       Unusable   N/A       N/A         3

Dungeon Overview and Level Annotations

Branches:
Dungeon (7/15)             Temple (0/1) D:6

Altars:
Ashenzari
Gozag
Okawaru
Trog
Vehumet
Xom

Shops:
D:5 [

Annotations:
D:7 smilodon's ghost, novice OgBe


Innate Abilities, Weirdness & Mutations

You have very sharp teeth.
Your uncanny sense of smell can sniff out nearby items.
Your experience applies equally to all skills.


Message History

You feel yourself speed up.
You open the door.
Smilodon's ghost says, "Are you willing to die fighting?
I was!"
You hit smilodon's ghost. You burn smilodon's ghost.
Smilodon's ghost is lightly damaged.
Smilodon's ghost hits you!!
You puncture smilodon's ghost! You burn smilodon's ghost!
Smilodon's ghost is moderately damaged.
You slash smilodon's ghost! You burn smilodon's ghost.
You bite smilodon's ghost, but do no damage.
Smilodon's ghost is moderately damaged.
Smilodon's ghost hits you but does no damage.
You closely miss smilodon's ghost.
You bite smilodon's ghost, but do no damage.
Smilodon's ghost is moderately damaged.
You slash smilodon's ghost! You burn smilodon's ghost.
You bite smilodon's ghost, but do no damage.
Smilodon's ghost is heavily damaged.
Smilodon's ghost hits you!!
You puncture smilodon's ghost! You burn smilodon's ghost.
You bite smilodon's ghost, but do no damage.
Smilodon's ghost is severely damaged.
You hit smilodon's ghost. You burn smilodon's ghost.
Smilodon's ghost is severely damaged.
Smilodon's ghost misses you.
You hit smilodon's ghost. You burn smilodon's ghost.
Smilodon's ghost is severely damaged.
Smilodon's ghost barely misses you.
You closely miss smilodon's ghost. Your bite misses smilodon's ghost.
Smilodon's ghost is severely damaged.
You slash smilodon's ghost! You burn smilodon's ghost.
Smilodon's ghost is almost destroyed.
Smilodon's ghost hits you!!
* * * LOW HITPOINT WARNING * * *
Unknown command.
You barely miss smilodon's ghost.
You bite smilodon's ghost, but do no damage.
Smilodon's ghost is almost destroyed.
Smilodon's ghost hits you!!
You die...

## ### .## .# ∆
#♣8♣#..### ..#
#.$.#....# ...##
. # ##W##....#
#...###
....##.@.#...#
#....
#...........#
#...
####.......##
##.. ###..)..#
##)) ##....#
##..# #....##
##..## ##.....#
##..##
##..##...####..##
##..## #...#...##


You could see smilodon's ghost.

Vanquished Creatures
  3 kobold demonologists
  Sigmund (D:3)
  Menkaure (D:5)
  Duvessa (D:5)
  An ice beast (D:6)
  3 black bears
  An ogre (D:7)
  2 centaurs (D:6)
  3 phantoms
  2 necrophages
  Dowan (D:5)
  2 howler monkeys (D:6)
  4 jellies
  5 hounds
  2 gnoll boudas
  An orc priest (D:4)
  An iguana (D:6)
  An orc wizard (D:6)
  12 gnolls
  7 adders
  4 worms
  5 dart slugs
  18 orcs
  6 endoplasms
  6 giant cockroaches
  9 goblins
  4 hobgoblins
  3 jackals (D:3)
  4 quokkas
  9 ball pythons
  6 bats
  3 frilled lizards
  8 kobolds
  7 rats
146 creatures vanquished.

Vanquished Creatures (others)
  A rat (D:1)
  19 plants (D:3)
20 creatures vanquished.

Grand Total: 166 creatures vanquished

Notes
Turn   | Place    | Note
-------+----------+-------------------------------------------
     0 | D:1      | Renzlar the Gnoll Fighter began the quest for the Orb.
     0 | D:1      | Reached XP level 1. HP: 23/23 MP: 1/1
   207 | D:1      | Reached XP level 2. HP: 28/29 MP: 2/2
   416 | D:1      | You fall into a shaft and drop 1 floor!
   743 | D:1      | Reached XP level 3. HP: 35/35 MP: 3/3
   774 | D:1      | Found a faded altar of an unknown god.
  1055 | D:2      | Found a shimmering altar of Xom.
  1099 | D:2      | Reached skill level 1 in Invocations
  1102 | D:2      | Reached skill level 1 in Short Blades
  1102 | D:2      | Reached skill level 1 in Long Blades
  1102 | D:2      | Reached skill level 1 in Maces & Flails
  1102 | D:2      | Reached skill level 1 in Polearms
  1102 | D:2      | Reached skill level 1 in Staves
  1102 | D:2      | Reached skill level 1 in Ranged Weapons
  1102 | D:2      | Reached skill level 1 in Throwing
  1102 | D:2      | Reached skill level 1 in Dodging
  1102 | D:2      | Reached skill level 1 in Stealth
  1102 | D:2      | Reached skill level 1 in Unarmed Combat
  1102 | D:2      | Reached skill level 1 in Spellcasting
  1102 | D:2      | Reached skill level 1 in Evocations
  1107 | D:2      | Reached XP level 4. HP: 33/41 MP: 5/5
  1366 | D:2      | Reached skill level 1 in Conjurations
  1366 | D:2      | Reached skill level 1 in Hexes
  1366 | D:2      | Reached skill level 1 in Summonings
  1366 | D:2      | Reached skill level 1 in Necromancy
  1366 | D:2      | Reached skill level 1 in Translocations
  1366 | D:2      | Reached skill level 1 in Transmutations
  1366 | D:2      | Reached skill level 1 in Fire Magic
  1366 | D:2      | Reached skill level 1 in Ice Magic
  1366 | D:2      | Reached skill level 1 in Air Magic
  1366 | D:2      | Reached skill level 1 in Earth Magic
  1366 | D:2      | Reached skill level 1 in Poison Magic
  1871 | D:2      | Identified the +1 chain mail of Owepsopp {Int+2 Stlth+}
  2092 | D:3      | Noticed a phantom
  2109 | D:3      | Killed a phantom
  2110 | D:3      | Reached XP level 5. HP: 47/47 MP: 7/7
  2115 | D:3      | Noticed Sigmund
  2132 | D:3      | Killed Sigmund
  2133 | D:3      | Reached skill level 5 in Axes
  2133 | D:3      | Reached XP level 6. HP: 25/53 MP: 7/9
  2640 | D:3      | Found an iron altar of Okawaru.
  2646 | D:3      | Became a worshipper of Warmaster Okawaru
  2856 | D:4      | Reached XP level 7. HP: 60/60 MP: 10/10
  3498 | D:5      | Entered Level 5 of the Dungeon
  3498 | D:5      | Noticed Duvessa
  3498 | D:5      | Noticed Dowan
  3531 | D:4      | Reached * piety under Okawaru
  3532 | D:4      | Reached XP level 8. HP: 28/67 MP: 12/12
  3732 | D:5      | Killed Duvessa
  4039 | D:5      | Killed Dowan
  4060 | D:5      | Found a radiant altar of Vehumet.
  4077 | D:5      | Noticed Menkaure
  4078 | D:5      | Killed Menkaure
  4499 | D:5      | Found a bloodstained altar of Trog.
  4545 | D:5      | Reached ** piety under Okawaru
  4700 | D:5      | Found Kaowuess's Armour Shoppe.
  4755 | D:6      | Identified the +1 chain mail of Cheibriados's Envy
                  | {*Corrode rElec Will+ Dex+4}
  5046 | D:6      | Reached XP level 9. HP: 73/73 MP: 14/14
  5113 | D:6      | Found a shimmering altar of Xom.
  5223 | D:6      | Found a staircase to the Ecumenical Temple.
  5446 | D:6      | Found a broken altar of Ashenzari.
  5636 | D:6      | Reached skill level 5 in Conjurations
  5636 | D:6      | Reached skill level 5 in Hexes
  5636 | D:6      | Reached skill level 5 in Summonings
  5636 | D:6      | Reached skill level 5 in Necromancy
  5636 | D:6      | Reached skill level 5 in Translocations
  5636 | D:6      | Reached skill level 5 in Transmutations
  5636 | D:6      | Reached skill level 5 in Fire Magic
  5636 | D:6      | Reached skill level 5 in Ice Magic
  5636 | D:6      | Reached skill level 5 in Air Magic
  5636 | D:6      | Reached skill level 5 in Earth Magic
  5636 | D:6      | Reached skill level 5 in Poison Magic
  5636 | D:6      | Reached XP level 10. HP: 83/83 MP: 15/19
  5642 | D:6      | Learned a level 4 spell: Cause Fear
  5707 | D:6      | Found an opulent altar of Gozag.
  5905 | D:7      | Noticed a kobold demonologist
  5918 | D:7      | Noticed a kobold demonologist
  5919 | D:7      | Noticed a kobold demonologist
  5928 | D:6      | Killed a kobold demonologist
  5933 | D:7      | Noticed a smoke demon
  5936 | D:7      | Noticed a smoke demon
  5937 | D:7      | Killed a kobold demonologist
  5937 | D:7      | Reached *** piety under Okawaru
  5947 | D:7      | Killed a kobold demonologist
  6369 | D:7      | Found a runed translucent door.
  6370 | D:7      | Noticed smilodon's ghost (novice OgBe)
  6392 | D:7      | Slain by smilodon's ghost

Illustrated notes

Levels and vault maps discovered:
D:1:      psy_arrival_fountain, layout_loops_corners,
          hellmonk_ecumenical_altar_defaced_shrine
D:2:      layout_basic, basic_altar, minmay_worlds_worst_comb
D:3:      layout_rooms, lemuel_round_altar, kennysheep_boxes, uniq_sigmund
D:4:      layout_loops_ring, corexii_item_surrounded_by_moat, nicolae_titane
D:5:      layout_cave_pools, old_standard_altar, mainiacjoe_overflow_paths,
          serial_shops, shop, minmay_misc_feat_nine_boxes, uniq_duvessa,
          uniq_menkaure
D:6:      layout_basic, brannock_xom_greatest_gift,
          lemuel_coloured_pillars_altar, nicolae_ashenzari_skybound,
          minmay_temple_entry_large_hall
D:7:      layout_layer_cave, mainiacjoe_overflow_chevrons,
          overflow_temple_1_default, gammafunk_ghost_grave, enter_bailey_2

Skill      XL: |  1  2  3  4  5  6  7  8  9 |
---------------+----------------------------+-----
Invocations    | 1 2 3 4 6 |  6.9
Short Blades   | 1 2 3 6 |  6.2
Long Blades    | 1 2 3 6 |  6.2
Maces & Flails | 1 2 3 6 |  6.2
Polearms       | 1 2 3 6 |  6.2
Staves         | 1 2 3 6 |  6.2
Ranged Weapons | 1 2 3 6 |  6.2
Throwing       | 1 2 3 6 |  6.2
Dodging        | 1 2 3 6 |  6.2
Stealth        | 1 2 3 6 |  6.2
Unarmed Combat | 1 2 3 6 |  6.2
Spellcasting   | 1 2 3 6 |  6.2
Evocations     | 1 2 3 6 |  6.2
Conjurations   | 1 2 3 5 |  5.2
Hexes          | 1 2 3 5 |  5.2
Summonings     | 1 2 3 5 |  5.2
Necromancy     | 1 2 3 5 |  5.2
Translocations | 1 2 3 5 |  5.2
Transmutations | 1 2 3 5 |  5.2
Fire Magic     | 1 2 3 5 |  5.2
Ice Magic      | 1 2 3 5 |  5.2
Air Magic      | 1 2 3 5 |  5.2
Earth Magic    | 1 2 3 5 |  5.2
Poison Magic   | 1 2 3 5 |  5.2
Axes           | 5 6 7 |  7.8
Fighting       | 7 9 |  9.2
Armour         | 7 9 |  9.2
Shields        | 7 9 |  9.2

Action                   |  1- 3 |  4- 6 |  7- 9 | 10-12 || total
-------------------------+-------+-------+-------+-------++-------
Melee: War axe           |    66 |    87 |       |       ||   153
       Bite              |     5 |    11 |     9 |     6 ||    31
       Halberd           |       |    37 |   140 |    65 ||   242
 Fire: Sling             |       |       |     3 |       ||     3
       Shortbow          |       |       |    10 |    15 ||    25
Invok: Heroism           |       |       |       |     1 ||     1
  Use: Scroll            |     6 |     6 |     4 |       ||    16
       Potion            |       |     2 |     1 |     1 ||     4
Armor: Scale mail        |    17 |    22 |    12 |       ||    51
       Chain mail        |       |    39 |    43 |       ||    82
       Ring mail         |       |       |    26 |    21 ||    47
Dodge: Dodged            |    29 |    45 |    79 |    39 ||   192
Block: Buckler           |    15 |    25 |       |       ||    40
